 Dungeon Crawl Stone Soup version 0.28.0 (webtiles) character file.

Game seed: 3471646818541216852

8646 iguanaiguana the Protected (level 11, 0/101 HPs)
             Began as a Minotaur Fighter on Feb 13, 2022.
             Succumbed to a black mamba's poison
             ... on level 1 of the Lair of Beasts.
             The game lasted 00:29:56 (12149 turns).

iguanaiguana the Protected (Minotaur Fighter)      Turns: 12149, Time: 00:29:57

Health: 0/101      AC: 16    Str: 25    XL:     11   Next: 12%
Magic:  10/10      EV:  8    Int:  7    God:
Gold:   605        SH:  6    Dex: 10    Spells: 10/10 levels left

rFire   + . .      SeeInvis .   o - +4 morningstar
rCold   . . .      Faith    .   c - +0 buckler
rNeg    . . .      Spirit   .   k - +0 plate armour
rPois   .          Reflect  .   (helmet restricted)
rElec   .          Harm     .   p - +0 cloak
rCorr   .          Rampage  .   (no gloves)
Will    .....                   (no boots)
Stlth   ..........              (no amulet)
HPRegen 0.26/turn               (no ring)
MPRegen 0.12/turn               (no ring)

@: lethally poisoned (0 -> -13)
A: horns 2, retaliatory headbutt, clever 1, fire resistance 1, subdued magic 1
a: no special abilities


You were on level 1 of the Lair of Beasts.
You visited 3 branches of the dungeon, and saw 11 of its levels.

You collected 605 gold pieces.

Inventory:

Hand Weapons
 a - a +0 war axe
 b - a +0 hunting sling
 o - a +4 morningstar (weapon)
 t - a +4 vorpal flail
 u - a +7 flail
 D - a +2 dire flail of protection
Missiles
 l - 8 poisoned darts
 m - 81 stones
 s - 9 boomerangs (quivered)
Armour
 c - a +0 buckler (worn)
 k - a +0 plate armour (worn)
 p - a +0 cloak (worn)
 H - the +1 leather armour of the Lion {rElec Str-4 Int+3 Stlth+}
   (You found it on level 9 of the Dungeon)

   Str:       It affects your strength (-4).
   Int:       It affects your intelligence (+3).
   rElec:     It insulates you from electricity.
   Stlth:     It makes you more stealthy.
Wands
 n - a wand of iceblast (4) {@v2}
 w - a wand of acid (13) {@v1}
 y - a wand of charming (8)
 C - a wand of paralysis (4)
 I - a wand of polymorph (5)
Scrolls
 e - a scroll of fog {unknown}
 f - a scroll of vulnerability {unknown}
 g - 2 scrolls of immolation
 h - a scroll of teleportation {@r3}
 q - 2 scrolls of fear
 r - a scroll of brand weapon {unknown}
 v - a scroll of enchant weapon {unknown}
 A - a scroll of magic mapping {unknown}
 B - a scroll of acquirement {unknown}
 G - a scroll of amnesia {unknown}
Potions
 d - a potion of brilliance
 x - 2 potions of cancellation
 z - a potion of mutation
 E - a potion of might {@q3}


   Skills:
 * Level 10.5 Fighting
 + Level 9.5 Axes
 + Level 3.5 Throwing
 + Level 11.4 Armour
 + Level 3.9 Dodging
 + Level 9.3 Shields
 + Level 3.1 Evocations


You had 10 spell levels left.
You didn't know any spells.
Your spell library contained the following spells:

 Spells                   Type           Power      Damage    Failure   Level
 Animate Skeleton         Necr           0%         N/A       99%         1
 Magic Dart               Conj           0%         1d3       99%         1
 Pain                     Necr           0%         1d4       99%         1
 Shock                    Conj/Air       0%         1d3       99%         1
 Call Imp                 Summ           0%         N/A       100%        2
 Mephitic Cloud           Conj/Pois/Air  0%         N/A       100%        3
 Swiftness                Air            0%         N/A       100%        3
 Vampiric Draining        Necr           0%         2d6       100%        3
 Airstrike                Air            0%         N/A       100%        4


Dungeon Overview and Level Annotations

Branches:
Dungeon (9/15)             Temple (1/1) D:7            Lair (1/6) D:9
    Orc: D:9-12

Altars:
Ashenzari
Cheibriados
Dithmenos
Gozag
Hepliaklqana
Kikubaaqudgha
Makhleb
Nemelex Xobeh
Okawaru
Qazlal
Ru
Sif Muna
Trog
Uskayaw
Vehumet
Wu Jian
Xom
Zin
The Shining One

Shops:
D:1 =   D:9 [*

Annotations:
D:3 exclusion: downstairs
D:5 Dowan, Duvessa
D:7 exclusion: downstairs


Innate Abilities, Weirdness & Mutations

You have a pair of horns on your head.
You reflexively headbutt those who attack you in melee.
Your mind is acute. (Int +2)
Your flesh is heat resistant. (rF+)
Your spells are a little easier to cast, but a little less powerful.


Message History

You feel less invigorated.
You feel less confused.
* * * LOW HITPOINT WARNING * * *
You feel extremely sick. The black mamba bites you.
* * * LOW HITPOINT WARNING * * *
You block the black mamba's attack.
* * * LOW HITPOINT WARNING * * *
You feel very sick.
The black mamba bites you but does no damage.
* * * LOW HITPOINT WARNING * * *
You feel very sick.
The black mamba bites you but does no damage.
You feel much better.
You feel very sick.
The black mamba bites you but does no damage.
The black mamba barely misses you.
You closely miss the black mamba. Your headbutt misses the black mamba.
The black mamba is severely wounded.
You feel very sick. The black mamba bites you!
* * * LOW HITPOINT WARNING * * *
You are lethally poisoned!
The black mamba poisons you!
The black mamba bites you but does no damage.
You closely miss the black mamba.
The black mamba is severely wounded.
* * * LOW HITPOINT WARNING * * *
You feel very sick. The black mamba barely misses you.
The black mamba bites you!
* * * LOW HITPOINT WARNING * * *
You closely miss the black mamba.
The black mamba is severely wounded.
* * * LOW HITPOINT WARNING * * *
You feel very sick.
The black mamba bites you but does no damage.
You block the black mamba's attack.
You barely miss the black mamba.
The black mamba is severely wounded.
You die...

+.....#
##.....#
#......#
#.....#
#.....#
##.#..#
###.....#
##.....S.#
..+....@.#
#.......#
##......#
#......#
#......#
#......#
##......##
#.......[#
##......##


You could see a black mamba.

Vanquished Creatures
  Harold (D:8)
  A boulder beetle (D:7)
  2 two-headed ogres
  Pikel (D:8)
  Maurice (D:8)
  A rime drake (Lair:1)
  Psyche (D:8)
  Sigmund (D:5)
  10 yaks
  Edmund (D:5)
  A black bear (D:6)
  An ice beast (D:6)
  4 ogres
  2 orc warriors
  2 centaurs (D:9)
  A wyvern zombie (D:8)
  5 bullfrogs
  13 killer bees
  A howler monkey (D:6)
  8 wights
  3 centaur zombies
  3 jellies
  4 orc priests
  A centaur skeleton (D:7)
  4 hounds
  4 iguanas
  Terence (D:2)
  Jessica (D:2)
  2 bullfrog skeletons
  Natasha (thrice) (D:2)
  5 orc wizards
  A killer bee zombie (D:6)
  A howler monkey zombie (D:8)
  4 gnolls
  3 adders
  2 adder skeletons
  A worm (D:3)
  27 orcs
  5 endoplasms
  5 giant cockroaches
  8 goblins
  8 hobgoblins
  4 kobolds
  12 ball pythons
  6 bats
  4 frilled lizards
  7 rats
187 creatures vanquished.

Vanquished Creatures (others)
  3 fungi
3 creatures vanquished.

Grand Total: 190 creatures vanquished

Notes
Turn   | Place    | Note
-------+----------+-------------------------------------------
     0 | D:1      | iguanaiguana the Minotaur Fighter began the quest for the
                  | Orb.
     0 | D:1      | Reached XP level 1. HP: 19/19 MP: 0/0
   305 | D:1      | Found a faded altar of an unknown god.
   357 | D:1      | Reached XP level 2. HP: 26/27 MP: 1/1
   835 | D:1      | Reached skill level 4 in Armour
   835 | D:1      | Reached XP level 3. HP: 33/33 MP: 2/2
   948 | D:1      | Found Osid's One-of-a-Kind Rings.
  1074 | D:2      | Noticed Terence
  1078 | D:2      | Killed Terence
  1281 | D:2      | Reached XP level 4. HP: 30/40 MP: 3/3
  1429 | D:2      | Noticed Jessica
  1433 | D:2      | Killed Jessica
  1850 | D:2      | Noticed Natasha
  1854 | D:2      | Killed Natasha
  1855 | D:2      | Reached XP level 5. HP: 40/47 MP: 4/4
  1919 | D:2      | Noticed Natasha
  1965 | D:2      | Killed Natasha
  2016 | D:2      | Noticed Natasha
  2027 | D:2      | Killed Natasha
  2878 | D:3      | Reached skill level 5 in Axes
  3002 | D:4      | Noticed an ogre
  3060 | D:4      | Reached XP level 6. HP: 50/55 MP: 5/5
  3151 | D:3      | Reached skill level 5 in Armour
  4058 | D:4      | Found a hide-covered altar of Uskayaw.
  4180 | D:4      | Found a glowing golden altar of the Shining One.
  4227 | D:4      | Reached skill level 5 in Fighting
  4227 | D:4      | Reached skill level 5 in Shields
  4453 | D:5      | Entered Level 5 of the Dungeon
  4827 | D:5      | Reached skill level 6 in Armour
  4827 | D:5      | Reached XP level 7. HP: 61/61 MP: 6/6
  5045 | D:5      | Noticed Sigmund
  5068 | D:5      | Killed Sigmund
  5068 | D:5      | Noticed Edmund
  5246 | D:5      | Noticed Dowan
  5247 | D:5      | Noticed Duvessa
  5499 | D:5      | Killed Edmund
  5812 | D:6      | Reached skill level 7 in Armour
  5833 | D:6      | Reached XP level 8. HP: 36/70 MP: 7/7
  6265 | D:6      | Reached skill level 8 in Armour
  6660 | D:7      | Found a staircase to the Ecumenical Temple.
  6669 | Temple   | Entered the Ecumenical Temple
  7075 | D:6      | Reached skill level 9 in Armour
  7245 | D:7      | Reached XP level 9. HP: 79/79 MP: 8/8
  7629 | D:7      | Reached skill level 10 in Armour
  8027 | D:7      | Found a sparkling altar of Nemelex Xobeh.
  8211 | D:8      | Noticed a two-headed ogre
  8329 | D:8      | Noticed Maurice
  8335 | D:8      | Killed Maurice
  8337 | D:8      | Noticed a boulder beetle
  8652 | D:7      | Killed a boulder beetle
  8653 | D:7      | Reached skill level 1 in Throwing
  8653 | D:7      | Reached skill level 1 in Dodging
  8653 | D:7      | Reached skill level 1 in Evocations
  8968 | D:8      | Reached XP level 10. HP: 83/89 MP: 9/9
  9156 | D:8      | Found an ancient bone altar of Kikubaaqudgha.
  9230 | D:8      | Identified the +1 scale mail of the Desert {Int+3}
  9266 | D:8      | Noticed Harold
  9272 | D:8      | Paralysed by Harold for 7 turns
  9285 | D:8      | Killed Harold
  9349 | D:8      | Killed a two-headed ogre
  9808 | D:8      | Noticed Psyche
  9813 | D:8      | Killed Psyche
  9814 | D:8      | Reached skill level 11 in Armour
  9887 | D:8      | Noticed Pikel
  9903 | D:8      | Killed Pikel
 10078 | D:8      | Found an ornate altar of the Wu Jian Council.
 10085 | D:8      | Found a bloodstained altar of Trog.
 10133 | D:9      | Found a staircase to the Lair.
 10168 | D:9      | Found Vila's Antique Armour Boutique.
 10189 | D:9      | Found a hazy altar of Hepliaklqana.
 10190 | D:9      | Found a shimmering altar of Xom.
 10701 | D:9      | Identified the +1 leather armour of the Lion {rElec Str-4
                  | Int+3 Stlth+}
 10727 | D:9      | Reached skill level 10 in Fighting
 10858 | D:9      | Found a burning altar of Makhleb.
 10876 | D:9      | Noticed a two-headed ogre
 10906 | D:9      | Killed a two-headed ogre
 11113 | D:9      | Found Ygimoun's General Store.
 11259 | D:9      | Noticed a wizard
 11337 | Lair:1   | Entered Level 1 of the Lair of Beasts
 11516 | D:9      | Reached XP level 11. HP: 85/100 MP: 10/10
 12141 | Lair:1   | Gained mutation: Your flesh is heat resistant. (rF+)
                  | [potion of mutation]
 12141 | Lair:1   | Gained mutation: Your mind is acute. (Int +2) [potion of
                  | mutation]
 12141 | Lair:1   | Gained mutation: Your spells are a little easier to cast,
                  | but a little less powerful. [potion of mutation]
 12148 | Lair:1   | HP: 4/101 [poisoned by a black mamba]
 12149 | Lair:1   | Succumbed to a black mamba's poison

Illustrated notes

Levels and vault maps discovered:
D:1:      lemuel_arrival_behind_the_door_small, layout_loops_ring,
          shapermc_ecumenical_altar_starsandcircs, nicolae_shop_unique_rings,
          chequers_avenue, palyth_stone_intersect, kennysheep_nondescript
D:2:      layout_basic, uniq_terence, uniq_natasha, uniq_jessica
D:3:      layout_basic, amcnicky_mini_corridor_feature, minmay_misc_feat_doors,
          kennysheep_decorative_pillar, chequers_serial_rivers_micro_b,
          grunt_ministairs_13, wander_ebering_terrifying_dragon_lair
D:4:      minmay_wonky_spiral, layout_basic, nicolae_tso_swordbearing_angel,
          nicolae_uskayaw_dance_hall
D:5:      layout_basic, uniq_sigmund, uniq_edmund, uniq_duvessa
D:6:      layout_loops_ring
D:7:      layout_cave_pods, nemelex_dance_club_becter,
          minmay_temple_entry_large_hall
D:8:      layout_loops_cross, mainiacjoe_overflow_concentric_impassable,
          amethyst_overflow_temple_binary, uniq_pikel, uniq_psyche, uniq_harold,
          uniq_maurice
D:9:      layout_irregular_city, regret_index_temple_of_mockery,
          mainiacjoe_overflow_six_doors_small, nicolae_overflow_crystal_walls,
          dpeg_oklobed_lair, serial_shops, shop_coins, shop
Temple:   jpeg_temple_alley_garden
Lair:1:   layout_roguey [special_room_bee], grunt_megastairs_1, uniq_fannar

Skill      XL: |  1  2  3  4  5  6  7  8  9 10 |
---------------+-------------------------------+-----
Axes           | 3 4 5 6 7 8 9 |  9.5
Armour         | 4 6 7 9 10 11 | 11.4
Shields        | 4 5 6 7 8 9 |  9.3
Fighting       | 4 5 6 7 8 10 | 10.5
Throwing       | 1 3 |  3.5
Dodging        | 1 3 |  3.9
Evocations     | 1 3 |  3.1

Action                   |  1- 3 |  4- 6 |  7- 9 | 10-12 || total
-------------------------+-------+-------+-------+-------++-------
Melee: War axe           |    55 |   145 |    55 |       ||   255
       Headbutt          |     3 |    19 |    39 |    31 ||    92
       Flail             |       |       |   167 |    31 ||   198
       Morningstar       |       |       |       |   137 ||   137
Throw: Dart              |       |       |     3 |    11 ||    14
       Throwing net      |       |       |       |     2 ||     2
Evoke: Wand              |       |       |     9 |     2 ||    11
  Use: Potion            |       |     2 |     3 |     6 ||    11
       Scroll            |       |     5 |       |     2 ||     7
Armor: Scale mail        |    22 |    50 |       |       ||    72
       Plate armour      |       |    37 |   121 |   136 ||   294
       Skin              |       |       |     8 |       ||     8
Dodge: Dodged            |    21 |    49 |    61 |   102 ||   233
Block: Buckler           |    10 |    22 |    54 |    82 ||   168
